 Dungeon Crawl Stone Soup version 0.31-a0-1529-g7bd419a0e5 (webtiles) character file.

Game seed: 3453295855387268934

768 Slyspawn the Digger (level 7, -5/42 (46) HPs)
             Began as a Vampire Earth Elementalist on Dec 31, 2023.
             Slain by a wight
             ... wielding a +4 dire flail of freezing
              (15 damage)
             ... on level 7 of the Dungeon.
             The game lasted 00:11:12 (4847 turns).

Slyspawn the Digger (Vampire Earth Elementalist)    Turns: 4847, Time: 00:11:13

HP:   -5/42 (46)    AC:  0    Str:  7    XL:     7   Next: 52%
MP:   7/14          EV: 12    Int: 21    God:
Gold: 254           SH:  0    Dex: 15    Spells: 14/15 levels left

rFire   . . .        e - +7 broad axe of the Enchanting Owl {protect, rCorr Int+2 Stlth+}
rCold   . . .        (no shield)
rNeg    . . .        (no body armour)
rPois   .            (no helmet)
rElec   .            (no cloak)
rCorr   +            (no gloves)
SInv    +            (no boots)
Will    .....        (no amulet)
Stlth   +++          (no ring)
HPRegen 0.47/turn    (no ring)
MPRegen 0.14/turn

%: no passive effects
@: healing quickly, drained
A: alive, fangs 3, see invisible, vampiric 2
a: Exsanguinate


You were on level 7 of the Dungeon.
You visited 1 branch of the dungeon, and saw 7 of its levels.

You collected 329 gold pieces.
You spent 75 gold pieces at shops.

Inventory:

Hand Weapons
 e - the +7 broad axe of the Enchanting Owl (weapon) {protect, rCorr Int+2 Stlth+}
   (You acquired it on level 2 of the Dungeon)

   Int+2:     It affects your intelligence (+2).
   rCorr:     It protects you from acid and corrosion.
   Stlth+:    It makes you more stealthy.
 j - a +0 hand axe of protection
Armour
 a - a +0 robe
 f - a +1 leather armour
 u - a +1 leather armour of fire resistance
Jewellery
 k - an amulet of faith
 r - an amulet of the acrobat
 s - an amulet of magic regeneration
Wands
 l - a wand of polymorph (10)
 n - a wand of flame (26)
 p - a wand of charming (7)
Scrolls
 d - a scroll of fog
 m - a scroll of amnesia
 t - a scroll of teleportation
Potions
 b - a potion of magic
 c - 5 potions of heal wounds
 g - a potion of degeneration
 h - a potion of mutation
 i - a potion of berserk rage
 o - a potion of brilliance
 q - 2 potions of haste {unknown}


   Skills:
 + Level 3.8 Axes
 - Level 2.1 Dodging
 - Level 3.0 Stealth
 + Level 4.9 Spellcasting
 + Level 5.8 Earth Magic
 - Level 1.1 Alchemy


You had 14 spell levels left.
You knew the following spells:

 Your Spells              Type           Power      Damage    Failure   Level
a - Sandblast             Erth           58%        2d13      1%          1

Your spell library contained the following spells:

 Spells                   Type           Power      Damage    Failure   Level
 Passwall                 Erth           29%        N/A       3%          3
 Stone Arrow              Conj/Erth      34%        3d9       10%         3
 Blink                    Tloc           10%        N/A       17%         2
 Lesser Beckoning         Tloc           10%        N/A       17%         2
 Momentum Strike          Conj/Tloc      10%        3d8       17%         2
 Petrify                  Alch/Erth      19%        N/A       26%         4
 Gell's Gravitas          Tloc           5%         N/A       32%         3
 Teleport Other           Tloc           5%         N/A       32%         3
 Tukima's Dance           Hex            5%         N/A       32%         3
 Brom's Barrelling Bould  Conj/Erth      17%        2d4       32%         4
 Dimensional Bullseye     Hex/Tloc       2%         N/A       73%         4
 Iskenderun's Mystic Bla  Conj/Tloc      5%         2d3       73%         4


Dungeon Overview and Level Annotations

Branches:
Dungeon (7/15)
 Temple: D:4-7

Altars:
Ru
Vehumet

Shops:
D:5 ?


Innate Abilities, Weirdness & Mutations

Your natural rate of healing is accelerated.
You have razor-sharp teeth.
You have supernaturally acute eyesight. (SInv)
You are afflicted with vampirism and can become a bat while bloodless.


Message History

A wight comes into view. It is wielding a +0 long sword.
The blast of sand hits the wight!
The wight is heavily damaged.
A wight comes into view. It is wielding a +4 hand axe.
The blast of sand hits the wight.
The wight is lightly damaged.
The blast of sand hits the wight!
The wight is severely damaged.
A wight comes into view.
It is wielding a +4 dire flail of freezing.
Aiming: Sandblast (safe; 1% risk of failure)
Press: ? - help, Q - select action, (/) - cycle Shift-Dir - straight line, f/p - wight
Aim: a wight, wielding a +4 hand axe and wearing a +0 robe (severely damaged, 83% to hit)
The blast of sand hits the wight!
You destroy the wight!
Aiming: Sandblast (safe; 1% risk of failure)
Press: ? - help, Q - select action, (/) - cycle Shift-Dir - straight line, f - wight
Aim: a wight, wielding a +0 long sword and wearing a +0 robe (heavily damaged, 83% to hit)
The blast of sand hits the wight.
The wight is heavily damaged.
Aiming: Sandblast (safe; 1% risk of failure)
Press: ? - help, Q - select action, (/) - cycle Shift-Dir - straight line, f/p - wight
Aim: a wight, wielding a +0 long sword and wearing a +0 robe (heavily damaged, 83% to hit)
The blast of sand hits the wight but does no damage.
The wight is heavily damaged.
Aiming: Sandblast (safe; 1% risk of failure)
Press: ? - help, Q - select action, (/) - cycle Shift-Dir - straight line, f/p - wight
Aim: a wight, wielding a +0 long sword and wearing a +0 robe (heavily damaged, 83% to hit)
The blast of sand hits the wight.
The wight is lightly damaged.
The wight hits you with a +4 dire flail of freezing.
You feel drained. The wight freezes you. The wight misses you.
The wight hits you with a +4 dire flail of freezing!
You feel drained. The wight freezes you.
* * * LOW HITPOINT WARNING * * *
Aiming: Sandblast (safe; 1% risk of failure)
Press: ? - help, Q - select action, (/) - cycle Shift-Dir - straight line, f/p - wight
Aim: a wight, wielding a +0 long sword and wearing a +0 robe (heavily damaged, 83% to hit)
The blast of sand misses the wight.
The wight hits you with a +4 dire flail of freezing!
You die...

. . .. .... # . #. ...
..# . .### #.. ...# ..##
.# ... ... .....
...##.## ##.##...
.....##$.....####..#....
#.............##........
......z....##...........
......z@....##....)))...
###.###....###.###......
#.........#.......
###................
#.....##......#....
###'###.........###..
##.....##.........###.
#.......#..#.......# #
#.......#.###.....##


You could see 2 wights.

Vanquished Creatures
  Eustachio (D:4)
  A phantom (D:6)
  A wight (D:7)
  2 bombardier beetles
  3 hounds
  A jelly (D:4)
  Ijyb (D:4)
  3 orc wizards
  Robin (D:4)
  3 gnolls (D:6)
  6 adders
  A white imp (D:6)
  A dart slug (D:3)
  2 ribbon worms
  13 orcs
  5 bats
  4 endoplasms
  2 giant cockroaches
  16 goblins
  4 hobgoblins
  6 jackals
  3 quokkas
  5 ball pythons
  2 frilled lizards
  9 kobolds
  7 rats
103 creatures vanquished.

Notes
Turn   | Place    | Note
-------+----------+-------------------------------------------
     0 | D:1      | Slyspawn the Vampire Earth Elementalist began the quest for
                  | the Orb.
     0 | D:1      | Reached XP level 1. HP: 13/13 MP: 3/3
   353 | D:1      | Reached XP level 2. HP: 19/19 MP: 0/5
  1074 | D:2      | Gained mutation: You are afflicted with vampirism and can
                  | become a bat while bloodless. [Vampire growth]
  1074 | D:2      | Reached XP level 3. HP: 24/24 MP: 5/7
  1504 | D:2      | Identified the +1 dagger "Benaqoip" {pain, rElec rCorr
                  | Int-4 Stlth+}
  1804 | D:2      | Identified a scroll of acquirement
  1804 | D:2      | Acquired the +7 broad axe of the Enchanting Owl {protect,
                  | rCorr Int+2 Stlth+}
  1916 | D:3      | Reached skill level 4 in Earth Magic
  1916 | D:3      | Reached XP level 4. HP: 30/30 MP: 4/8
  2249 | D:3      | Reached skill level 1 in Axes
  2701 | D:4      | Reached XP level 5. HP: 35/35 MP: 5/10
  2750 | D:4      | Noticed Eustachio
  2759 | D:4      | Killed Eustachio
  2760 | D:4      | Reached XP level 6. HP: 26/41 MP: 6/11
  2901 | D:4      | Found a sacrificial altar of Ru.
  2974 | D:4      | Noticed Ijyb
  2983 | D:4      | Killed Ijyb
  2984 | D:4      | Reached skill level 5 in Earth Magic
  3092 | D:4      | Noticed Robin
  3118 | D:4      | Killed Robin
  3488 | D:5      | Entered Level 5 of the Dungeon
  3785 | D:5      | Reached XP level 7. HP: 41/46 MP: 5/13
  3970 | D:5      | Found Houten's Magic Scroll Shop.
  3977 | D:5      | Bought a scroll of enchant armour for 75 gold pieces
  4826 | D:7      | Found a radiant altar of Vehumet.
  4847 | D:7      | Slain by a wight

Illustrated notes

Levels and vault maps discovered:
D:1:      minmay_arrival_hallway, layout_loops_ring
D:2:      layout_basic, minmay_tall_x
D:3:      layout_loops_ring
D:4:      layout_cave_pools, mainiacjoe_overflow_small_starburst,
          saegor_snake_ambush, uniq_eustachio, uniq_robin, uniq_ijyb
D:5:      layout_cave_pods, serial_shops, shop
D:6:      layout_basic, minmay_temple_entry_antechambers
D:7:      layout_cave_pools, nicolae_vehumet_altar_sigil, chequers_jeans

Skill      XL: |  1  2  3  4  5  6 |
---------------+-------------------+-----
Spellcasting   | 3 4 |  4.9
Earth Magic    | 4 5 |  5.8
Axes           | 1 2 3 |  3.8
Dodging        | |  2.1
Stealth        | |  3.0
Alchemy        | |  1.1

Action                     |  1- 3 |  4- 6 |  7- 9 || total
---------------------------+-------+-------+-------++-------
  Melee: Unarmed           |    14 |       |       ||    14
         Bite              |     3 |     3 |     1 ||     7
         Hand axe          |     2 |       |       ||     2
         Broad axe         |     9 |    29 |     7 ||    45
   Cast: Sandblast         |    56 |    54 |    28 ||   138
    Use: Scroll            |     9 |     5 |     3 ||    17
 Armour: Robe              |    23 |     8 |       ||    31
         Leather armour    |       |    33 |     7 ||    40
         Skin              |       |       |     6 ||     6
  Dodge: Dodged            |    24 |    21 |    10 ||    55

Table legend: (Time is in decaauts)
 A = Elapsed time spent in this place.
 B = Non-inter-level travel time spent in this place.
 C = Inter-level travel time spent in this place.
 D = Time resting spent in this place.
 E = Time spent auto-exploring this place.
 F = Levels seen in this place.
 G = Mean time per level.
                   A        B        C        D        E       F      G
               +--------+--------+--------+--------+--------+-----+--------+
         Total |   4952 |   4625 |    327 |    204 |   3808 |   7 |  707.4 |
       Dungeon |   4952 |   4625 |    327 |    204 |   3808 |   7 |  707.4 |
               +--------+--------+--------+--------+--------+-----+--------+

Top non-repeatable levels by time:
     D:2: 1011 daAuts
     D:1: 872 daAuts
     D:3: 856 daAuts
     D:4: 829 daAuts
     D:5: 786 daAuts
     D:6: 540 daAuts
     D:7: 56 daAuts
